 Dungeon Crawl Stone Soup version 0.31-a0-801-gc67433417a (webtiles) character file.

Game seed: 5516376062143555734

155 Ivernyr the Slasher (level 5, -9/27 HPs)
             Began as a Vine Stalker Gladiator on Sept 20, 2023.
             Killed from afar by a steam dragon (16 damage)
             ... with a ball of steam
             ... on level 3 of the Dungeon.
             The game lasted 00:04:28 (1960 turns).

Ivernyr the Slasher (Vine Stalker Gladiator)        Turns: 1960, Time: 00:04:29

Health: -9/27      AC:  4    Str: 16    XL:     5   Next: 37%
Magic:  0/6        EV: 13    Int:  8    God:
Gold:   140        SH:  0    Dex: 18    Spells: 4/4 levels left

rFire   . . .        a - +0 long sword
rCold   . . .        (no shield)
rNeg    . . .        b - +0 leather armour
rPois   .            l - +0 helmet {SInv}
rElec   .            (no cloak)
rCorr   .            (no gloves)
SInv    +            (no boots)
Will    .....        k - amulet of regeneration
Stlth   +            (no ring)
HPRegen 1.84/turn    (no ring)
MPRegen 0.10/turn

%: guardian spirit
@: no status effects
A: fangs 2, regeneration 1, magic shield, antimagic bite, no potion heal 2
a: no special abilities


You were on level 3 of the Dungeon.
You visited 1 branch of the dungeon, and saw 3 of its levels.

You collected 140 gold pieces.

Inventory:

Hand Weapons
 a - a +0 long sword (weapon)
Missiles
 d - 3 throwing nets (quivered)
 e - 3 javelins
Armour
 b - a +0 leather armour (worn)
 l - a +0 helmet of see invisible (worn)
Jewellery
 k - an amulet of regeneration (around neck)
 s - a ring of positive energy
Scrolls
 c - a scroll of brand weapon {unknown}
 f - a scroll of amnesia {unknown}
 g - 2 scrolls of vulnerability {unknown}
 j - 4 scrolls of identify {unknown}
 m - a scroll of poison {unknown}
 n - a scroll of enchant armour {unknown}
 o - a scroll of teleportation {unknown}
 r - a scroll of immolation {unknown}
Potions
 h - 3 potions of lignification {unknown}
 i - 2 potions of mutation {unknown}
 p - a potion of berserk rage {unknown}
 q - a potion of cancellation {unknown}
 t - a potion of invisibility {unknown}


   Skills:
 + Level 2.6 Fighting
 * Level 3.9 Long Blades
 - Level 1.7 Throwing
 + Level 1.5 Armour
 + Level 3.0 Dodging


You had 4 spell levels left.
You didn't know any spells.
Your spell library contained the following spells:

 Spells                   Type           Power      Damage    Failure   Level
 Summon Guardian Golem    Hex/Summ       0%         N/A       85%         3
 Orb of Destruction       Conj           0%         9d5       100%        7
 Spellforged Servitor     Conj/Summ      0%         N/A       100%        7


Dungeon Overview and Level Annotations

Branches:
Dungeon (3/15)

Altars:
Qazlal


Innate Abilities, Weirdness & Mutations

You have extremely sharp teeth.
Your natural rate of healing is unusually fast.
When hurt, damage is shared between your health and your magic reserves.
Your bite disrupts and absorbs the magic of your enemies.
Potions cannot restore your health.


Message History

The kobold hits you with a +0 short sword.
You barely miss the kobold.
The kobold is severely wounded.
The kobold barely misses you. The kobold hits you but does no damage.
You slash the kobold!
You kill the kobold!
Things that are here:
a +0 short sword; 4 stones; a kobold corpse A steam dragon comes into view.
The steam dragon hisses angrily.
The steam dragon barely misses you. The steam dragon misses you.
You slash the steam dragon! Your punch misses the steam dragon.
You bite the steam dragon. You drain its power.
The steam dragon is moderately wounded.
The steam dragon barely misses you. The steam dragon completely misses you.
You hit the steam dragon but do no damage.
Your bite misses the steam dragon.
The steam dragon is moderately wounded.
The steam dragon barely misses you. The steam dragon closely misses you.
You slash the steam dragon!
The steam dragon is severely wounded.
The steam dragon breathes steam at you. The ball of steam hits you!
You hear an angry hiss.
You hear a bark!
You closely miss the steam dragon. Your bite misses the steam dragon.
The steam dragon is severely wounded.
You are engulfed in a cloud of scalding steam.
The steam dragon bites you. The steam dragon claws you.
The steam dragon bites you.
* * * LOW HITPOINT WARNING * * *
The steam dragon closely misses you.
You barely miss the steam dragon. You bite the steam dragon.
You drain its power.
You feel invigorated.
The steam dragon is severely wounded.
You are engulfed in a cloud of scalding steam.
* * * LOW HITPOINT WARNING * * *
The steam dragon breathes steam at you. The ball of steam hits you!!
Ouch! That really hurt!
You die...

#####.#### #........#
#.###.##.# #.# #.##.# #
#.# #.##.# # #.### #.#
#.##)# ## # ... #.#
#.##.## ##.
#...##D##.###.#...####..
.......@.............'..
#...##.######.#...####..
# ... #.##.## ##. #### #
### ## # #######


You could see a steam dragon (catching breath).

Vanquished Creatures
  Natasha (thrice) (D:2)
  An adder (D:2)
  3 worms
  An orc (D:3)
  3 endoplasms
  3 giant cockroaches
  2 goblins (D:1)
  4 hobgoblins
  8 jackals
  6 quokkas
  9 ball pythons
  5 bats
  5 frilled lizards
  4 kobolds
  2 rats (D:1)
59 creatures vanquished.

Notes
Turn   | Place    | Note
-------+----------+-------------------------------------------
     0 | D:1      | Ivernyr the Vine Stalker Gladiator began the quest for the
                  | Orb.
     0 | D:1      | Reached XP level 1. HP: 11/11 MP: 2/2
   261 | D:1      | Reached XP level 2. HP: 14/15 MP: 3/3
   396 | D:1      | Reached XP level 3. HP: 16/17 MP: 4/4
   908 | D:2      | Found a stormy altar of Qazlal.
   922 | D:2      | Noticed Natasha
   929 | D:2      | Killed Natasha
   930 | D:2      | Reached skill level 1 in Armour
   930 | D:2      | Reached XP level 4. HP: 17/23 MP: 2/5
  1043 | D:2      | Noticed Natasha
  1054 | D:2      | Killed Natasha
  1117 | D:2      | Identified the +1 ring mail of the Accordion {+Blink Str-4
                  | Slay+2}
  1357 | D:2      | Noticed Natasha
  1396 | D:2      | Killed Natasha
  1397 | D:2      | Reached XP level 5. HP: 25/27 MP: 6/6
  1954 | D:3      | Noticed a steam dragon
  1960 | D:3      | Killed from afar by a steam dragon

Illustrated notes

Levels and vault maps discovered:
D:1:      tarquinn_simple_flora_water_e, layout_basic
D:2:      layout_basic, basic_altar, st_stairs_4, uniq_natasha
D:3:      layout_loops_corners, hellmonk_ecumenical_altar_run_dry, st_stairs_7

Skill      XL: |  1  2  3  4 |
---------------+-------------+-----
Fighting       | 2 |  2.6
Long Blades    | 3 |  3.9
Armour         | 1 |  1.5
Dodging        | 3 |  3.0
Throwing       | |  1.7

Action                     |  1- 3 |  4- 6 || total
---------------------------+-------+-------++-------
  Melee: Long sword        |    79 |   100 ||   179
         Bite              |    12 |    23 ||    35
         Punch             |     1 |     1 ||     2
   Stab: Sleeping          |       |     3 ||     3
 Armour: Leather armour    |    56 |    60 ||   116
  Dodge: Dodged            |    89 |    82 ||   171

Table legend: (Time is in decaauts)
 A = Elapsed time spent in this place.
 B = Non-inter-level travel time spent in this place.
 C = Inter-level travel time spent in this place.
 D = Time resting spent in this place.
 E = Time spent auto-exploring this place.
 F = Levels seen in this place.
 G = Mean time per level.
                   A        B        C        D        E       F      G
               +--------+--------+--------+--------+--------+-----+--------+
         Total |   2010 |   1951 |     59 |      0 |   1445 |   3 |  670.0 |
       Dungeon |   2010 |   1951 |     59 |      0 |   1445 |   3 |  670.0 |
               +--------+--------+--------+--------+--------+-----+--------+

Top non-repeatable levels by time:
     D:1: 911 daAuts
     D:2: 685 daAuts
     D:3: 413 daAuts
